 Dungeon Sprint DCSS version 0.29-a0-885-gb26ba3297d (webtiles) character file.

Game seed: 4254600524646268577

112 rocky1 the Shield-Bearer (level 4, 0/64 HPs)
             Began as a Gnoll Fighter on July 20, 2022.
             Was a Believer of Sif Muna.
             Slain by an ogre
             ... wielding a +0 giant club
              (26 damage)
             ... in the Dungeon (Sprint VII: "The Pits").
             The game lasted 00:01:10 (375 turns).

rocky1 the Shield-Bearer (Gnoll Fighter)             Turns: 375, Time: 00:01:10

Health: 0/64       AC:  8    Str: 15    XL:     4   Next: 93%
Magic:  4/8        EV: 10    Int: 10    God:    Sif Muna [**....]
Gold:   0          SH:  5    Dex: 11    Spells: 9/9 levels left

rFire   . . .      SeeInvis .   k - +2 trident
rCold   . . .      Faith    .   c - +0 buckler
rNeg    . . .      Spirit   .   b - +0 scale mail
rPois   .          Reflect  .   (no helmet)
rElec   .          Harm     .   (no cloak)
rCorr   .          Rampage  .   (no gloves)
Will    .....      NoTele   +   (no boots)
Stlth   ..........              (no amulet)
HPRegen 0.20/turn               (no ring)
MPRegen 0.11/turn               (no ring)

@: berserking (expiring), very quick
A: fangs 1, strong nose, distributed training
a: Renounce Religion, Channel Magic


You were in the Dungeon.
You worshipped Sif Muna.
Sif Muna was pleased with you.
You visited 1 branch

Inventory:

Hand Weapons
 a - a +0 trident
 k - a +2 trident (weapon)
Armour
 b - a +0 scale mail (worn)
 c - a +0 buckler (worn)
Scrolls
 j - a scroll of blinking
 m - 5 scrolls of amnesia
 n - a scroll of summoning
Potions
 d - a potion of might
 e - a potion of curing
 f - a potion of heal wounds
 g - a potion of haste
 h - 4 potions of magic
 i - 2 potions of berserk rage
 l - 2 potions of invisibility


   Skills:
 + Level 7.3 Fighting
 + Level 3.2 Short Blades
 + Level 3.2 Long Blades
 + Level 3.2 Axes
 + Level 3.2 Maces & Flails
 + Level 5.6 Polearms
 + Level 3.2 Staves
 + Level 3.2 Ranged Weapons
 + Level 3.2 Throwing
 + Level 7.3 Armour
 + Level 3.2 Dodging
 + Level 3.2 Stealth
 + Level 7.3 Shields
 + Level 3.2 Unarmed Combat
 + Level 3.2 Spellcasting
 + Level 2.6 Conjurations
 + Level 2.6 Hexes
 + Level 2.6 Summonings
 + Level 2.6 Necromancy
 + Level 2.6 Translocations
 + Level 2.6 Transmutations
 + Level 2.6 Fire Magic
 + Level 2.6 Ice Magic
 + Level 2.6 Air Magic
 + Level 2.6 Earth Magic
 + Level 2.6 Poison Magic
 + Level 3.5 Invocations
 + Level 3.2 Evocations


You had 9 spell levels left.
You didn't know any spells.
Your spell library was empty.

Dungeon Overview and Level Annotations

Branches:
Dungeon (1/1)

Altars:
Ashenzari
Cheibriados
Dithmenos
Elyvilon
Fedhas
Gozag
Hepliaklqana
Kikubaaqudgha
Makhleb
Nemelex Xobeh
Okawaru
Qazlal
Ru
Sif Muna
Trog
Uskayaw
Vehumet
Wu Jian
Xom
Yredelemnul
Zin
The Shining One
Jiyva
Lugonu


Innate Abilities, Weirdness & Mutations

You have very sharp teeth.
Your uncanny sense of smell can sniff out nearby items.
Your experience applies equally to all skills.


Message History

There is an open door here.
You reach to attack!
You closely miss the gnoll.
The gnoll hits you from afar with a +0 spear.
The giant cockroach zombie attacks as you move away!
The giant cockroach zombie bites you.
A red film seems to cover your vision as you go berserk!
You feel yourself moving faster!
You feel mighty!
The giant cockroach zombie closely misses you.
The gnoll hits you from afar with a +0 spear.
You barely miss the giant cockroach zombie.
You bite the giant cockroach zombie.
The giant cockroach zombie is moderately damaged.
The giant cockroach zombie bites you but does no damage.
The gnoll closely misses you.
You puncture the giant cockroach zombie!
You destroy the giant cockroach zombie!
Sif Muna accepts your kill.
The gnoll hits you from afar with a +0 spear.
You puncture the giant cockroach zombie!
You destroy the giant cockroach zombie!
Sif Muna accepts your kill.
You reach to attack!
You puncture the ogre!
The ogre is moderately wounded.
The gnoll hits you but does no damage.
You hit the ogre.
The ogre is heavily wounded.
You block the gnoll's attack. The ogre hits you with a +0 giant club!
You barely miss the ogre. Your bite misses the ogre.
The ogre is heavily wounded.
You barely miss the ogre.
The ogre is heavily wounded.
The gnoll closely misses you. The ogre hits you with a +0 giant club!
You are too injured to fight recklessly!
You barely miss the ogre.
The ogre is heavily wounded.
You block the gnoll's attack.
You hit the ogre.
The ogre is severely wounded.
The ogre hits you with a +0 giant club!!
You die...

#.?(.')))'.##......#..#
##########.##..........
#.....).....'..........
#+#####'#####......#..#
#.....#∆∆ #..........
#.....#∆∆ ####'#####+
###'###∆∆ #.......#
#.....#∆∆ #.......#
#...@.#∆∆ #.......#
####O## #...<...#
#..g.....##.......#
#........##.......#
###########.......#
######### ∆∆∆∆


You could see an ogre and a gnoll.

Vanquished Creatures
  A floating eye (D)
  An adder (D)
  A bat skeleton (D)
  2 giant cockroach zombies (D)
  A kobold (D)
  A rat (D)
7 creatures vanquished.

Notes
Turn   | Place    | Note
-------+----------+-------------------------------------------
     0 | D        | rocky1 the Gnoll Fighter began the quest for the Orb.
     0 | D        | Reached XP level 1. HP: 23/23 MP: 1/1
    53 | D        | Found a bloodstained altar of Trog.
    53 | D        | Found a shimmering blue altar of Sif Muna.
    53 | D        | Found a viscous altar of Jiyva.
    53 | D        | Found a hazy altar of Hepliaklqana.
    53 | D        | Found an opulent altar of Gozag.
    54 | D        | Found a glowing golden altar of the Shining One.
    54 | D        | Found a glowing silver altar of Zin.
    54 | D        | Found a basalt altar of Yredelemnul.
    54 | D        | Found a shimmering altar of Xom.
    54 | D        | Found an ornate altar of the Wu Jian Council.
    54 | D        | Found a sacrificial altar of Ru.
    54 | D        | Found a stormy altar of Qazlal.
    54 | D        | Found an iron altar of Okawaru.
    54 | D        | Found a sparkling altar of Nemelex Xobeh.
    54 | D        | Found a burning altar of Makhleb.
    54 | D        | Found a blossoming altar of Fedhas.
    54 | D        | Found a white marble altar of Elyvilon.
    54 | D        | Found a shadowy altar of Dithmenos.
    54 | D        | Found a snail-covered altar of Cheibriados.
    57 | D        | Found a corrupted altar of Lugonu.
    57 | D        | Found a radiant altar of Vehumet.
    58 | D        | Found an ancient bone altar of Kikubaaqudgha.
    58 | D        | Found a hide-covered altar of Uskayaw.
    58 | D        | Found a broken altar of Ashenzari.
    65 | D        | Became a worshipper of Sif Muna the Loreminder
    88 | D        | Reached skill level 1 in Short Blades
    88 | D        | Reached skill level 1 in Long Blades
    88 | D        | Reached skill level 1 in Axes
    88 | D        | Reached skill level 1 in Maces & Flails
    88 | D        | Reached skill level 1 in Staves
    88 | D        | Reached skill level 1 in Ranged Weapons
    88 | D        | Reached skill level 1 in Throwing
    88 | D        | Reached skill level 1 in Dodging
    88 | D        | Reached skill level 1 in Stealth
    88 | D        | Reached skill level 1 in Unarmed Combat
    88 | D        | Reached skill level 1 in Spellcasting
    88 | D        | Reached skill level 1 in Conjurations
    88 | D        | Reached skill level 1 in Hexes
    88 | D        | Reached skill level 1 in Summonings
    88 | D        | Reached skill level 1 in Necromancy
    88 | D        | Reached skill level 1 in Translocations
    88 | D        | Reached skill level 1 in Transmutations
    88 | D        | Reached skill level 1 in Fire Magic
    88 | D        | Reached skill level 1 in Ice Magic
    88 | D        | Reached skill level 1 in Air Magic
    88 | D        | Reached skill level 1 in Earth Magic
    88 | D        | Reached skill level 1 in Poison Magic
    88 | D        | Reached skill level 1 in Invocations
    88 | D        | Reached skill level 1 in Evocations
    88 | D        | Reached XP level 2. HP: 9/29 MP: 1/3
   351 | D        | Reached * piety under Sif Muna
   352 | D        | Noticed a floating eye
   353 | D        | Paralysed by a floating eye for 3 turns
   357 | D        | Killed a floating eye
   358 | D        | Reached skill level 5 in Polearms
   358 | D        | Reached XP level 3. HP: 36/36 MP: 3/7
   358 | D        | Reached XP level 4. HP: 43/43 MP: 3/8
   363 | D        | Noticed an ogre
   369 | D        | Reached ** piety under Sif Muna
   375 | D        | Slain by an ogre

Illustrated notes

Levels and vault maps discovered:
D:        pitsprint [storerooms_1, entrance_room_1, metal_vault_8, armoury_3,
          mini_pit_1, grid_room_1, main_hall_1, silver_pit, the_coven_3,
          the_vestibule_1, steel_vault_1, golden_pit, hallway_of_sentries,
          crystal_vault_6, iron_vault_1, final_vault]

Skill      XL: |  1  2 |
---------------+-------+-----
Short Blades   | 1 3 |  3.2
Long Blades    | 1 3 |  3.2
Axes           | 1 3 |  3.2
Maces & Flails | 1 3 |  3.2
Staves         | 1 3 |  3.2
Ranged Weapons | 1 3 |  3.2
Throwing       | 1 3 |  3.2
Dodging        | 1 3 |  3.2
Stealth        | 1 3 |  3.2
Unarmed Combat | 1 3 |  3.2
Spellcasting   | 1 3 |  3.2
Conjurations   | 1 2 |  2.6
Hexes          | 1 2 |  2.6
Summonings     | 1 2 |  2.6
Necromancy     | 1 2 |  2.6
Translocations | 1 2 |  2.6
Transmutations | 1 2 |  2.6
Fire Magic     | 1 2 |  2.6
Ice Magic      | 1 2 |  2.6
Air Magic      | 1 2 |  2.6
Earth Magic    | 1 2 |  2.6
Poison Magic   | 1 2 |  2.6
Invocations    | 1 3 |  3.5
Evocations     | 1 3 |  3.2
Fighting       | 7 |  7.3
Polearms       | 5 |  5.6
Armour         | 7 |  7.3
Shields        | 7 |  7.3

Action                   |  1- 3 |  4- 6 || total
-------------------------+-------+-------++-------
Melee: Trident           |    15 |    10 ||    25
       Bite              |       |     1 ||     1
  Use: Potion            |       |     1 ||     1
Armor: Scale mail        |     5 |     2 ||     7
Dodge: Dodged            |     3 |     3 ||     6
Block: Buckler           |     2 |     2 ||     4

Table legend: (Time is in decaauts)
 A = Elapsed time spent in this place.
 B = Non-inter-level travel time spent in this place.
 C = Inter-level travel time spent in this place.
 D = Time resting spent in this place.
 E = Time spent auto-exploring this place.
 F = Levels seen in this place.
 G = Mean time per level.
                   A        B        C        D        E       F      G
               +--------+--------+--------+--------+--------+-----+--------+
         Total |    374 |    374 |      0 |    254 |      0 |   1 |  374.0 |
       Dungeon |    374 |    374 |      0 |    254 |      0 |   1 |  374.0 |
               +--------+--------+--------+--------+--------+-----+--------+

Top non-repeatable levels by time:
       D: 374 daAuts
